 Dungeon Crawl Stone Soup version 0.16-a0-4133-g472b14a (webtiles) character file.

2585 Psiweapon the Basher (level 9, 0/101 HPs)
             Began as an Ogre Hunter on Feb 27, 2015.
             Was a Follower of Makhleb.
             Succumbed to poison (a potion of poison)
             ... on level 8 of the Dungeon on Mar 3, 2015.
             The game lasted 00:34:11 (8153 turns).

Psiweapon the Basher (Ogre Hunter)                  Turns: 8153, Time: 00:34:11

Health: 0/101      AC:  9    Str: 22    XL:     9   Next: 58%
Magic:  12/12      EV: 16    Int: 10    God:    Makhleb [*.....]
Gold:   464        SH:  2    Dex: 15    Spells: 0 memorised, 8 levels left

rFire  x x .     SeeInvis .     w - +0 morningstar
rCold  + + .     Clarity  .     F - +1 robe {rC+}
rNeg   . . .     SustAb   .     (shield restricted)
rPois  .         Gourm    .     (helmet restricted)
rElec  .         Spirit   .     W - +2 cloak
rCorr  .         Warding  .     (gloves unavailable)
rMut   .         Stasis   .     (boots unavailable)
MR     +....                    (no amulet)
Stlth  +++.......               (no ring)
                                Y - ring of protection from cold

@: agile, lethally poisoned (0 -> -10), somewhat resistant to hostile
enchantments, fairly stealthy
A: unfitting armour, antennae 1, large bone plates 1, magic resistance 1, tough
skin 1, heat vulnerability 2
a: Renounce Religion


You were on level 8 of the Dungeon.
You worshipped Makhleb.
Makhleb was aware of your devotion.
You were not hungry.

You visited 2 branches of the dungeon, and saw 9 of its levels.

You collected 464 gold pieces.

Inventory:

Hand weapons
 a - a +0 short sword
 n - a +0 mace of protection
 w - a +0 morningstar (weapon)
 x - a cursed +1 hunting sling of freezing
 A - a +1 dagger of venom
 G - a +2 whip of flaming
 I - a cursed -3 mace
Missiles
 c - a throwing net (quivered)
 k - 114 stones
 y - 16 poisoned needles
 B - 3 silver javelins
 H - 3 tomahawks
Armour
 d - a +0 animal skin
 F - a +1 robe of cold resistance (worn)
 W - a +2 cloak (worn)
Magical staves
 X - an uncursed staff of energy
Jewellery
 Y - a ring of protection from cold (left hand)
Magical devices
 q - a wand of frost (23)
 O - a wand of lightning (5)
Scrolls
 i - 2 scrolls of blinking {unknown}
 o - 2 scrolls of magic mapping {unknown}
 r - a scroll of recharging {unknown}
 s - 7 scrolls of identify {unknown}
 t - 4 scrolls of remove curse {unknown}
 v - a scroll of fog {unknown}
 C - a scroll of amnesia {unknown}
 K - a scroll of immolation {unknown}
 L - a scroll of noise {unknown}
 M - 2 scrolls of teleportation {unknown}
 P - 2 scrolls of enchant armour {unknown}
 R - a scroll of random uselessness {unknown}
 V - a scroll of fear {unknown}
Potions
 e - a potion of agility
 j - a potion of invisibility {unknown}
 l - a potion of restore abilities {unknown}
 m - 3 potions of curing
 u - a potion of cure mutation {unknown}
 D - a potion of heal wounds {unknown}
 E - 2 potions of poison
 N - a potion of mutation
 Q - a potion of brilliance {unknown}
 S - a potion of resistance {unknown}
 U - a potion of lignification {unknown}
Comestibles
 f - 7 meat rations
 g - 6 fruits
 h - 2 beef jerkies
 p - 5 bread rations
 z - a royal jelly


   Skills:
 - Level 10.0 Fighting
 - Level 10.3 Maces & Flails
 - Level 7.5 Throwing
 + Level 2.5 Dodging
 - Level 0.7 Stealth
 + Level 2.4 Invocations


You had 8 spell levels left.
You didn't know any spells.

Dungeon Overview and Level Annotations

Branches:
Dungeon (8/15)             Temple (1/1) D:4
   Lair: D:8-11

Altars:
Ashenzari
Cheibriados
Dithmenos
Elyvilon
Fedhas
Gozag
Kikubaaqudgha
Makhleb
Nemelex Xobeh
Okawaru
Qazlal
Sif Muna
Trog
Vehumet
Xom
Yredelemnul
Zin
The Shining One

Annotations:
D:3 exclusion: downstairs
D:8 haldagan's ghost, experienced OpMo


Innate Abilities, Weirdness & Mutations

You are too large for most types of armour.
You have tough skin (AC +1).
You have a pair of small antennae on your head.
You are partially covered in large bone plates (AC +2, SH +2).
You are resistant to hostile enchantments.
[You are very vulnerable to heat.]


Message History

* * * LOW HITPOINT WARNING * * *
You hit haldagan's ghost but do no damage.
Haldagan's ghost is heavily damaged.
Haldagan's ghost wails.
Haldagan's ghost hits you but does no damage.
Drink which item? (? for menu, Esc to quit)
It was a potion of poison.
That liquid tasted very nasty...
You are poisoned.
You feel sick. Haldagan's ghost hits you!
* * * LOW HITPOINT WARNING * * *
Drink which item? (? for menu, Esc to quit)
It was a potion of mutation.
You feel extremely strange.
You feel agile.
You feel clumsy.
* * * LOW HITPOINT WARNING * * *
You feel sick. Haldagan's ghost completely misses you.
Read which item? (? for menu, Esc to quit)
Okay, then.
You hit haldagan's ghost but do no damage.
Haldagan's ghost is heavily damaged.
You die...

### .... .....
#########.......
##......@WJ(((...
#.#...####.......
#.#...# .....
#.#...# ....
#.#...# ...
####.#...# .
#....#...#
#.##.#...#
#.###....#


You could see a jelly and haldagan's ghost.

Vanquished Creatures
  Pikel (D:4)
  2 sky beasts
  2 ice beasts
  A black bear (D:7)
  2 slaves
  A centaur (D:6)
  3 giant frogs
  A scorpion (D:4)
  4 killer bees (D:7)
  6 hounds
  A crimson imp (D:7)
  3 goliath beetles (D:7)
  3 orc priests
  4 orc wizards
  6 worker ants
  3 iguanas
  Ijyb (D:2)
  2 hound zombies
  A mummy (D:8)
  4 gnolls
  14 adders
  A shadow imp (D:5)
  A giant mite (D:8)
  A worm (D:4)
  An adder skeleton (D:8)
  15 orcs
  4 giant cockroaches
  12 goblins
  15 hobgoblins
  12 jackals
  17 bats
  2 giant geckos
  3 giant newts
  A giant spore (D:6)
  11 kobolds
  4 quokkas
  12 rats
  A spectral orc (D:3)
  2 ballistomycetes (D:6)
180 creatures vanquished.

Vanquished Creatures (others)
  A sky beast (D:8)
1 creature vanquished.

Grand Total: 181 creatures vanquished

Notes
Turn   | Place    | Note
--------------------------------------------------------------
     0 | D:1      | Psiweapon, the Ogre Hunter, began the quest for the Orb.
     0 | D:1      | Reached XP level 1. HP: 22/22 MP: 1/1
   160 | D:1      | Reached XP level 2. HP: 29/29 MP: 2/2
   192 | D:1      | Reached skill level 5 in Throwing
   340 | D:1      | Reached XP level 3. HP: 36/36 MP: 3/3
   667 | D:2      | Noticed Ijyb
   673 | D:2      | Killed Ijyb
   684 | D:2      | Found a snail-covered altar of Cheibriados.
   694 | D:2      | Found a deep blue altar of Sif Muna.
   704 | D:2      | Found an ancient bone altar of Kikubaaqudgha.
   751 | D:2      | Reached skill level 6 in Throwing
   751 | D:2      | Reached XP level 4. HP: 44/44 MP: 4/4
   866 | D:2      | Found an iron altar of Okawaru.
  1519 | D:3      | Found a basalt altar of Yredelemnul.
  1606 | D:3      | Reached skill level 7 in Throwing
  1606 | D:3      | Reached XP level 5. HP: 35/50 MP: 5/5
  2346 | D:4      | Noticed a slave
  2346 | D:4      | Noticed a slave
  2347 | D:4      | Noticed a slave
  2347 | D:4      | Noticed Pikel
  2349 | D:4      | Noticed a slave
  2349 | D:4      | Found a white marble altar of Elyvilon.
  2365 | D:3      | Killed a slave
  2596 | D:5      | Entered Level 5 of the Dungeon
  2660 | D:5      | Noticed an ice beast
  2857 | D:4      | Reached skill level 1 in Maces & Flails
  2857 | D:4      | Reached XP level 6. HP: 22/59 MP: 6/6
  3481 | D:4      | Reached skill level 5 in Maces & Flails
  3643 | D:4      | Found a bloodstained altar of Trog.
  3683 | D:4      | Reached XP level 7. HP: 66/66 MP: 7/7
  3990 | D:4      | Killed a slave
  4003 | D:4      | Killed Pikel
  4003 | D:4      | Reached skill level 9 in Maces & Flails
  4003 | D:4      | Reached XP level 8. HP: 19/74 MP: 8/8
  4329 | D:4      | Found a staircase to the Ecumenical Temple.
  4439 | Temple   | Entered the Ecumenical Temple
  4800 | D:4      | Found a stormy altar of Qazlal.
  4805 | D:4      | Became a worshipper of Qazlal Stormbringer
  5161 | D:5      | Killed an ice beast
  5161 | D:5      | Reached skill level 10 in Maces & Flails
  5463 | D:6      | Found a burning altar of Makhleb.
  5468 | D:6      | Fell from the grace of Qazlal
  5468 | D:6      | Became a worshipper of Makhleb the Destroyer
  5528 | D:6      | Reached skill level 5 in Fighting
  5533 | D:6      | Gained mutation: You have a pair of small antennae on your head. [mutagenic meat]
  5534 | D:6      | Gained mutation: You are resistant to hostile enchantments. [mutagenic meat]
  5832 | D:6      | Found an opulent altar of Gozag.
  6433 | D:7      | Reached XP level 9. HP: 68/93 MP: 9/9
  7433 | D:7      | Acquired Makhleb's first power
  7615 | D:7      | Found a stormy altar of Qazlal.
  7673 | D:7      | Reached skill level 10 in Fighting
  7748 | D:8      | Reached skill level 1 in Invocations
  7775 | D:8      | Gained mutation: You are weak. (Str -2) [mutagenic meat]
  7776 | D:8      | Lost mutation: You are weak. (Str -2) [mutagenic meat]
  7777 | D:8      | Gained mutation: You are partially covered in large bone plates (AC +2, SH +2). [mutagenic meat]
  7789 | D:8      | Upgraded the game from 0.16-a0-4112-g89a4107 to 0.16-a0-4113-g7d8e295
  8107 | D:8      | Upgraded the game from 0.16-a0-4113-g7d8e295 to 0.16-a0-4133-g472b14a
  8124 | D:8      | Noticed haldagan's ghost (experienced OpMo)
  8151 | D:8      | HP: 3/101 [haldagan's ghost (12)]
  8152 | D:8      | Gained mutation: You are agile. (Dex +2) [potion of mutation]
  8152 | D:8      | Lost mutation: You are agile. (Dex +2) [potion of mutation]
  8153 | D:8      | Succumbed to poison (a potion of poison)

Action                   |  1- 3 |  4- 6 |  7- 9 || total
-------------------------+-------+-------+-------++-------
Melee: Short sword       |    17 |       |       ||    17
       Mace              |    30 |    97 |       ||   127
       Morningstar       |       |    63 |   318 ||   381
       Dagger            |       |     7 |       ||     7
 Fire: Hunting sling     |       |     2 |       ||     2
Throw: Stone             |    54 |    62 |    11 ||   127
       Large rock        |     5 |    25 |    27 ||    57
       Throwing net      |       |     2 |     1 ||     3
       Tomahawk          |       |     8 |    18 ||    26
       Javelin           |       |     4 |    39 ||    43
  Use: Potion            |       |       |     4 ||     4
 Stab: Sleeping          |     1 |       |       ||     1
       Held in net/web   |       |     1 |       ||     1
  Eat: Chunk             |       |     9 |    19 ||    28
